Map: Acrópolis EJ

Players

Eracu - Winner!

  • Race: Terran Terran
  • League: Diamond
  • Spawn Location: 5:00

VOD

Have the link to the VOD?

Description

Time

  • Played on: Aug. 22, 2019, 6:05 p.m.
  • Length: 8:15
Show
View Real Time Build Order
Export as new Build Order

Eracu Terran - Winner!

Build Orders:  

Get SALT Encoding   

  12  0:01  SCV  
  13  0:18  SCV  
  14  0:26  Supply Depot  
  14  0:35  SCV  
  15  0:56  SCV  
  15  0:58  Barracks  
  16  1:08  Supply Depot  
  16  1:13  SCV  
  17  1:21  Refinery  
  17  1:30  SCV  
  18  1:48  SCV  
  19  2:05  SCV  
  19  2:08  Marine  
  21  2:10  Barracks  
  21  2:18  Barracks  
  21  2:31  Barracks  
  21  2:44  Barracks Tech Lab  
  21  2:49  Orbital Command  
  21  3:17  Marauder  
  23  3:20  Supply Depot  
  23  3:23  Barracks Tech Lab  
  23  3:25  Marine  
  24  3:41  Marine  
  24  3:47  Marauder  
  24  3:49  Marauder  
  29  3:52  Marine  
  29  3:57  Unknown  
  30  4:05  Supply Depot  
  30  4:08  Marine  
  31  4:18  Marine  
  32  4:21  Marauder  
  32  4:27  Marauder  
  36  4:39  Marine  
  37  4:43  Marine  
  38  4:51  Marauder  
  38  4:57  Marauder  
  42  5:02  Supply Depot  
  42  5:04  Marine  
  42  5:08  Marine  
  44  5:21  Marauder  
  44  5:29  Marine  
  47  5:32  Marauder  
  47  5:33  Marine  
  47  5:36  Supply Depot  
  50  5:51  Marauder  
  50  5:54  Marine  
  50  5:58  Marine  
  54  6:06  Marauder  
  56  6:14  Concussive Shells  
  56  6:20  Marine  
  56  6:21  Supply Depot  
  56  6:23  Marine  
  56  6:28  Marauder  
  60  6:36  Marauder  
  62  6:47  Marine  
  63  6:51  Marine  
  63  6:57  Supply Depot  
  64  7:00  Marauder  
  64  7:06  Marauder  
  68  7:22  Marine  
  68  7:26  Marine  
  70  7:30  Marauder  
  70  7:36  Marauder  
  74  7:47  Marine  
  78  8:12  Supply Depot  
Tags
 
Add a new tag
Caveats
  • Supply blocks, unpowered buildings, or Contaminate may cause inaccurate times.
  • Supply counts are checked every 10 seconds.